 Dungeon Crawl Stone Soup version 0.21-a0-229-g3587535 (webtiles) character file.

423938 Ijustatesigmund the Victor of a Thousand Battles (level 24, -8/246 HPs)
             Began as a Formicid Fighter on Aug 31, 2017.
             Was the Champion of Okawaru.
             Killed by mirror damage (10 damage)
             ... on level 4 of the Vaults on Sept 1, 2017.
             The game lasted 03:28:39 (49768 turns).

Ijustatesigmund (FoFi)                             Turns: 49768, Time: 03:28:39

Health: -8/246     AC: 24    Str: 22    XL:     24   Next: 92%
Magic:  46/47      EV: 28    Int:  4    God:    Okawaru [******]
Gold:   2438       SH: 30    Dex: 21    Spells: 23/23 levels left

rFire    + + +     SeeInvis +   U - +11 quarterstaff of the Eternal Warrior {distort, rElec Int-3 SInv}
rCold    + . .     Gourm    .   c - +7 large shield "Ejisad" {rF+ Dex+4 Stlth-}
rNeg     + . .     Faith    +   Z - +0 fire dragon scales
rPois    +         Spirit   .   (helmet unavailable)
rElec    +         Reflect  .   I - +0 cloak {+Inv}
rCorr    .         Harm     .   A - +0 pair of gloves "Ipew" {Regen+ MP+9 Stlth+}
MR       ++...                  q - +2 pair of boots
Stlth    ++........             C - amulet "Raconn" {Faith rF++ Int-5 Slay+4}
HPRegen  0.91/turn              O - +4 ring of evasion
MPRegen  0.30/turn              S - ring of False Hope {Ice *Contam rPois rN+ SInv}

@: heroism
A: permanent stasis, dig shafts and tunnels, four strong arms, antennae 3, icy
blue scales 1, cold resistance 1, robust 2
}: 2/15 runes: serpentine, barnacled
a: Dig, Shaft Self, Heroism, Finesse, Renounce Religion, Evoke Invisibility


You were on level 4 of the Vaults.
You worshipped Okawaru.
Okawaru was exalted by your worship.
You were not hungry.

You visited 7 branches of the dungeon, and saw 37 of its levels.
You also visited: Labyrinth.

You collected 4387 gold pieces.
You spent 1949 gold pieces at shops.

Inventory:

Hand Weapons
 a - a +7 lajatang of pain
 H - the +9 arbalest of the Owl {penet, -Tele rElec Int+5 SInv}
   (Okawaru gifted it to you on level 5 of the Lair of Beasts)

   Ammo fired by it will pass through the targets it hits, potentially hitting
   all targets in its path until it reaches maximum range.
   It affects your intelligence (+5).
   It insulates you from electricity.
   It lets you see invisible.
   It prevents most forms of teleportation.
 L - the +7 quarterstaff of Odeded {antimagic, rElec rPois MR+++ Str-3}
   (You found it on level 2 of the Shoals)

   It reduces the magical energy of the wielder, and disrupts the spells and
   magical abilities of those hit.
   Natural abilities and divine invocations are not affected.
   It affects your strength (-3).
   It insulates you from electricity.
   It protects you from poison.
   It affects your resistance to hostile enchantments.
 U - the +11 quarterstaff of the Eternal Warrior (weapon) {distort, rElec Int-3 SInv}
   (Okawaru gifted it to you on level 5 of the Vaults)

   It warps and distorts space around it.
   Unwielding it can cause banishment or high damage.
   It affects your intelligence (-3).
   It insulates you from electricity.
   It lets you see invisible.
Missiles
 Y - 1341 bolts
Armour
 c - the +7 large shield "Ejisad" (worn) {rF+ Dex+4 Stlth-}
   (Okawaru gifted it to you on level 10 of the Dungeon)

   It affects your dexterity (+4).
   It protects you from fire.
   It makes you less stealthy.
 q - a +2 pair of boots (worn)
 x - +0 acid dragon scales
 A - the +0 pair of gloves "Ipew" (worn) {Regen+ MP+9 Stlth+}
   (Okawaru gifted it to you on level 3 of the Vaults)

   It affects your magic capacity (+9).
   It increases your rate of regeneration.
   It makes you more stealthy.
 G - the +0 shield of Zuagemecw {MR+++ Str-5 Dex+5 SInv}
   (Okawaru gifted it to you on level 2 of the Snake Pit)

   It affects your strength (-5).
   It affects your dexterity (+5).
   It affects your resistance to hostile enchantments.
   It lets you see invisible.
 I - a +0 cloak of invisibility (worn)
 K - a +2 pair of gloves of archery
 T - the +0 pair of gloves "Lerahuri" {rN++}
   (Okawaru gifted it to you on level 2 of the Vaults)

   It greatly protects you from negative energy.
 Z - +0 fire dragon scales (worn)
Jewellery
 d - an uncursed ring of protection from magic
 y - an uncursed ring of protection from magic
 C - the amulet "Raconn" (around neck) {Faith rF++ Int-5 Slay+4}
   (You took it off a minotaur in a labyrinth)

   [amulet of faith]

   It allows you to gain divine favour quickly.
   It affects your intelligence (-5).
   It affects your accuracy and damage with ranged weapons and melee attacks
   (+4).
   It greatly protects you from fire.
 O - a +4 ring of evasion (left hand)
 S - the ring of False Hope (right hand) {Ice *Contam rPois rN+ SInv}
   (You found it on level 4 of the Shoals)

   [ring of ice]

   It enhances your ice magic.
   It makes you vulnerable to fire.
   It protects you from cold.
   It protects you from poison.
   It protects you from negative energy.
   It lets you see invisible.
   It causes magical contamination when unequipped.
 W - an uncursed ring of protection from cold
 X - an uncursed ring of protection from cold
Wands
 e - a wand of iceblast (3/15)
 g - a wand of acid (7/15)
 F - a wand of polymorph (11/24)
 M - a wand of scattershot (5/9)
 N - a wand of acid (4/15)
 R - a wand of enslavement (5/24)
Scrolls
 i - 5 scrolls of recharging
 j - 19 scrolls of remove curse
 t - 3 scrolls of amnesia
 u - 3 scrolls of enchant armour
 w - a scroll of summoning
 B - 12 scrolls of identify
 E - 4 scrolls of fog
 P - 6 scrolls of fear
 V - 3 scrolls of immolation
Potions
 b - a potion of invisibility
 h - a potion of heal wounds
 k - 3 potions of cancellation
 l - 4 potions of curing
 m - 7 potions of brilliance
 n - 2 potions of ambrosia
 o - 9 potions of flight
 r - 2 potions of agility
 s - 5 potions of lignification
 v - a potion of magic
 Q - a potion of resistance
Books
 D - a book of Misfortune

   Spells                             Type                      Level
   a - Confusing Touch                Hexes                        1
   b - Confuse                        Hexes                        3
   c - Gell's Gravitas                Translocation                3
   d - Petrify                        Transmutation/Earth          4
   e - Metabolic Englaciation         Hexes/Ice                    5
   f - Yara's Violent Unravelling     Hexes/Transmutation          5
Miscellaneous
 z - a phantom mirror
 J - a lamp of fire
Comestibles
 f - 21 bread rations
 p - 14 meat rations


   Skills:
 + Level 20.4(25.4) Fighting
 - Level 14.9(19.9) Staves
 + Level 14.7(19.7) Crossbows
 - Level 13.8(18.8) Armour
 - Level 13.0(18.0) Dodging
 - Level 13.8(18.8) Shields
 * Level 22.3 Invocations


You had 23 spell levels left.
You didn't know any spells.

Dungeon Overview and Level Annotations

Branches:
Dungeon (15/15)            Temple (1/1) D:4            Lair (6/6) D:10
 Shoals (4/4) Lair:4        Snake (4/4) Lair:2        Slime (0/5) Lair:6
    Orc (2/2) D:11            Elf (0/3) Orc:2        Vaults (5/5) D:13
  Crypt (0/3) Vaults:2     Depths (0/5) D:15

Altars:
Ashenzari
Cheibriados
Dithmenos
Elyvilon
Fedhas
Gozag
Hepliaklqana
Kikubaaqudgha
Makhleb
Nemelex Xobeh
Okawaru
Qazlal
Ru
Sif Muna
Trog
Uskayaw
Vehumet
Wu Jian
Xom
Yredelemnul
Zin
The Shining One
Beogh
Jiyva

Shops:
D:8 %   D:12 (   Orc:2 (}!?   Shoals:4 :   Snake:1 ?   Vaults:1 }

Portals:
Pandemonium: Orc:2

Annotations:
Shoals:3 exclusion: Roxanne, Roxanne


Innate Abilities, Weirdness & Mutations

You cannot be hasted, slowed, berserked, paralysed or teleported.
You can dig through walls and to a lower floor.
Your four strong arms can wield two-handed weapons with a shield.
You have a pair of large antennae on your head. (SInv)
You are partially covered in icy blue scales. (AC +2)
Your flesh is cold resistant. (rC+)
You are very robust. (+20% HP)


Message History

The titan is almost dead.
The titan blinks!
The death knight offers itself to Yredelemnul, and fills with unholy energy.
The sphinx misses you. The sphinx hits you but does no damage.
You block the sphinx's attack.
You bludgeon the death knight!!
Space warps horribly around the death knight!
The death knight is heavily wounded.
The death knight reflects your damage back at you!
* * * LOW HITPOINT WARNING * * *
The titan mumbles some strange words.
The titan is healed somewhat.
You feel much better. You block the sphinx's attack. x2
The sphinx closely misses you.
The death knight hits you with an enchanted great sword!
* * * LOW HITPOINT WARNING * * *
You sock the death knight!
Space bends around the death knight.
The death knight is severely wounded.
The death knight reflects your damage back at you!
You die...

#...#...............# #
#...################# # #...# #
#...# ## # #...################
#. # #⌠..#.....C........# #. #
#...'..............# #. #
#...#........p.....# #. #
#...'.......H@§....##########. #
#...#......^......['........#. #
#...#..............#.......^#.
####...########'#######........#.
.......# #####.##### #........#.
.......# #...#[#...# #........'.
......⌠# ##..#.#..## #........#.
###'#### #.......# ########'##
#...# ##.....## #....


You could see a titan, a sphinx and a death knight.

Vanquished Creatures
  Sojobo (Vaults:3)
  Vashnia (Snake:4)
  Bai Suzhen (Vaults:2)
  A golden dragon (Vaults:4)
  Nikola (Snake:4)
  A bone dragon (D:14)
  A lich (Vaults:3)
  Asterion (Vaults:1)
  Gastronok (Lair:3)
  3 sphinxes
  Ilsuiw (Shoals:4)
  A kraken (Shoals:2)
  Donald (Snake:1)
  7 nagarajas (Snake:4)
  6 tengu reavers
  A deep elf sorcerer (Vaults:5)
  2 fire giants
  13 vault wardens
  A frost giant (Vaults:3)
  Aizul (Vaults:2)
  A deep elf elementalist (Vaults:5)
  14 ironheart preservers
  6 very ugly things
  6 stone giants
  4 deep elf demonologists
  A deep elf annihilator (Vaults:2)
  4 merfolk javelineers
  4 ettins
  6 merfolk impalers
  9 yaktaur captains
  A minotaur (Lab)
  5 fire dragons
  2 rakshasas
  14 naga warriors
  6 great orbs of eyes
  Erolcha (D:11)
  31 vault guards
  3 ice dragons
  4 hydras
  15 anacondas
  2 merfolk avatars
  33 two-headed ogres
  Erica (D:10)
  10 centaur warriors
  2 alligator snapping turtles
  5 merfolk aquamancers
  2 dancing weapons (D:13)
  3 satyrs
  2 deep troll earth magi
  5 death knights
  11 ogre magi
  16 death yaks
  5 orc high priests (Orc:2)
  22 naga sharpshooters
  A hell knight (Vaults:5)
  8 shock serpents
  4 deep troll shamans
  A vampire mage (Vaults:2)
  3 shadow wraiths
  10 skeletal warriors
  A sixfirhy (Orc:2)
  11 deep trolls
  2 deep elf knights
  2 flayed ghosts (Vaults:4)
  22 sea snakes
  A swamp dragon (Lair:6)
  3 unseen horrors
  6 wizards
  2 gelid demonspawn (Orc:2)
  A glowing orange brain (Vaults:1)
  An infernal demonspawn (Orc:2)
  12 ironbrand convokers
  9 naga ritualists
  3 deep elf archers
  Pikel (D:7)
  A swamp dragon (shapeshifter) (D:15)
  2 lindwurms (Lair:6)
  A tengu zombie (Vaults:4)
  21 harpies
  2 necromancers
  19 orc knights
  3 wolf spider zombies
  14 mana vipers
  13 deep elf magi
  8 wolf spiders
  35 ugly things
  10 orc sorcerers
  3 cyclopes
  8 manticores
  9 salamanders
  22 fauns
  12 merfolk sirens
  5 guardian serpents
  A rust devil (Orc:2)
  7 centaur zombies
  23 naga magi
  7 torpor snails
  13 vault sentinels
  51 black mambas
  A smoke demon (Orc:2)
  6 water nymphs
  5 elephants (Lair:6)
  3 gargoyles
  An orange demon (Orc:2)
  A human zombie (Vaults:4)
  A human skeleton (Vaults:4)
  An efreet (D:15)
  10 spiny frogs
  7 komodo dragons
  31 yaktaurs
  2 rime drakes
  9 freezing wraiths
  An ice devil (Orc:2)
  A red devil (Orc:2)
  29 merfolk
  A troll (shapeshifter) (Vaults:2)
  4 trolls
  A polar bear (Lair:4)
  A queen bee (shapeshifter) (Vaults:1)
  A wind drake (shapeshifter) (Vaults:2)
  7 hornets (Lair:6)
  9 wind drakes
  10 blink frogs
  A wolf spider simulacrum (D:14)
  3 tyrant leeches (Lair:6)
  An ettin zombie (Vaults:4)
  2 polar bears (shapeshifter)
  24 slime creatures
  A stone giant simulacrum (Vaults:1)
  A harpy skeleton (D:14)
  A fire giant simulacrum (Vaults:4)
  14 hippogriffs
  6 dream sheep
  9 snapping turtles
  Sigmund (D:6)
  8 wyverns
  4 redbacks (Lab)
  A ynoxinul (Orc:2)
  6 water elementals
  8 wraiths
  32 yaks
  7 basilisks
  2 steam dragons
  2 basilisks (shapeshifter)
  7 hungry ghosts
  7 vampire mosquitoes
  Menkaure (D:6)
  A soldier ant (shapeshifter) (Vaults:4)
  4 wargs
  Edmund (D:6)
  47 nagas
  9 acid dragons
  13 water moccasins
  6 porcupines
  2 swamp drakes (Lair:6)
  10 ice beasts
  A hornet zombie (D:14)
  Duvessa (D:7)
  50 orc warriors
  A sky beast (shapeshifter) (Vaults:2)
  4 black bears
  2 sky beasts
  2 phantoms
  A black bear (shapeshifter) (Vaults:1)
  8 wolves
  33 ogres
  2 necrophages
  14 crocodiles
  18 centaurs
  7 big kobolds
  2 gnoll sergeants
  Blork the orc (D:4)
  17 bullfrogs
  3 scorpions
  Dowan (D:7)
  An orc simulacrum (Vaults:1)
  A human simulacrum (Vaults:1)
  An electric eel (D:11)
  23 killer bees
  5 wights (D:7)
  7 crimson imps
  3 bullfrog zombies
  18 centaur skeletons
  5 hounds
  10 jellies
  28 orc priests
  27 orc wizards
  5 bullfrog skeletons
  6 iguanas
  9 worker ants
  A hound zombie (D:5)
  3 hound skeletons
  A howler monkey zombie (D:8)
  13 gnolls
  14 adders
  2 shadow imps
  An ufetubus (Vaults:3)
  11 oozes
  2 adder skeletons
  2 worms (D:2)
  A leopard gecko (D:9)
  115 orcs
  5 giant cockroaches
  5 goblins
  6 hobgoblins
  4 jackals (D:4)
  30 kobolds
  6 quokkas
  4 ball pythons
  6 bats
  6 frilled lizards
  A leopard gecko zombie (D:6)
  5 rats
  2 plants
  3 tentacles (Shoals:2)
1647 creatures vanquished.

Vanquished Creatures (others)
  A salamander mystic (Snake:4)
  2 salamanders (Snake:4)
  A vault sentinel (Vaults:5)
  An orc warrior (Orc:2)
  3 slaves (D:7)
  An ogre (Vaults:1)
  A crimson imp (D:7)
  An orc wizard (Vaults:5)
  6 orcs
  4 fungi
  25 plants
  12 tentacles (Shoals:2)
  6 toadstools (D:2)
64 creatures vanquished.

Grand Total: 1711 creatures vanquished

Notes
Turn   | Place    | Note
-------+----------+-------------------------------------------
     0 | D:1      | Ijustatesigmund the Formicid Fighter began the quest for the Orb.
     0 | D:1      | Reached XP level 1. HP: 18/18 MP: 1/1
   243 | D:1      | Reached XP level 2. HP: 24/24 MP: 2/2
   544 | D:1      | Reached XP level 3. HP: 26/29 MP: 3/3
   959 | D:2      | Reached XP level 4. HP: 30/37 MP: 4/4
   963 | D:2      | Reached XP level 5. HP: 33/42 MP: 5/5
   988 | D:2      | Identified a scroll of acquirement
  1134 | D:2      | Reached skill level 5 in Staves
  1183 | D:2      | Reached XP level 6. HP: 44/49 MP: 6/6
  1451 | D:3      | You fall through a shaft!
  2210 | D:3      | Found an opulent altar of Gozag.
  2577 | D:4      | Reached skill level 1 in Dodging
  2742 | D:4      | Noticed Blork the orc
  2757 | D:4      | Killed Blork the orc
  2757 | D:4      | Reached XP level 7. HP: 36/55 MP: 7/7
  2963 | D:4      | Reached skill level 5 in Fighting
  3282 | D:4      | Found a staircase to the Ecumenical Temple.
  3286 | Temple   | Entered the Ecumenical Temple
  3408 | Temple   | Became a worshipper of Warmaster Okawaru
  3633 | D:4      | Got a jewelled ring mail
  3639 | D:4      | Identified the +1 ring mail "Zoiwniaz" {+Fly rElec Str+2} (You found it on level 4 of the Dungeon)
  3817 | D:5      | Entered Level 5 of the Dungeon
  3846 | D:5      | Reached skill level 1 in Invocations
  3992 | D:5      | Found a white marble altar of Elyvilon.
  4045 | D:5      | Found a sparkling altar of Nemelex Xobeh.
  4065 | D:5      | Reached XP level 8. HP: 49/62 MP: 9/9
  4168 | D:5      | Reached skill level 2 in Invocations
  4171 | D:5      | You fall through a shaft!
  4327 | D:6      | Noticed Edmund
  4336 | D:6      | Killed Edmund
  4336 | D:6      | Reached * piety under Okawaru
  4602 | D:6      | Reached skill level 5 in Armour
  4602 | D:6      | Reached skill level 5 in Shields
  4672 | D:6      | Noticed Menkaure
  4680 | D:6      | Killed Menkaure
  4680 | D:6      | Reached skill level 3 in Invocations
  5119 | D:6      | Noticed Sigmund
  5138 | D:6      | Killed Sigmund
  5138 | D:6      | Reached XP level 9. HP: 68/69 MP: 11/11
  5363 | D:7      | Reached ** piety under Okawaru
  5363 | D:7      | Reached skill level 4 in Invocations
  5369 | D:7      | Noticed Pikel
  5381 | D:7      | Killed Pikel
  5381 | D:7      | Reached skill level 5 in Invocations
  5687 | D:7      | You fall through a shaft for 3 floors!
  5687 | D:10     | Entered Level 10 of the Dungeon
  5917 | D:10     | Found a staircase to the Lair.
  5929 | D:10     | Gained mutation: You are resistant to hostile enchantments. (MR+) [potion of mutation]
  5929 | D:10     | Gained mutation: You are weak. (Str -2) [potion of mutation]
  5929 | D:10     | Gained mutation: You occasionally shout uncontrollably at your foes. [potion of mutation]
  5929 | D:10     | Gained mutation: You are somewhat resistant to further mutation. [potion of mutation]
  6023 | D:10     | Reached skill level 6 in Invocations
  6035 | D:10     | Reached *** piety under Okawaru
  6040 | D:10     | Reached XP level 10. HP: 56/80 MP: 13/15
  6251 | D:10     | Reached skill level 7 in Invocations
  6927 | D:10     | Noticed Erica
  6947 | D:10     | Killed Erica
  6947 | D:10     | Reached **** piety under Okawaru
  7159 | D:10     | Reached skill level 8 in Invocations
  7521 | D:8      | Found Diepo's Food Shop.
  7597 | D:7      | Noticed Dowan
  7620 | D:7      | Killed Dowan
  7642 | D:7      | Noticed Duvessa
  7659 | D:7      | Reached ***** piety under Okawaru
  7666 | D:7      | Killed Duvessa
  8435 | D:8      | Reached XP level 11. HP: 88/89 MP: 17/17
  8456 | D:8      | Reached skill level 9 in Invocations
  8582 | D:8      | Reached skill level 10 in Fighting
  8937 | D:8      | Noticed a two-headed ogre
  8948 | D:8      | Killed a two-headed ogre
  8948 | D:8      | Reached skill level 10 in Staves
  9396 | D:9      | Reached skill level 10 in Invocations
 10724 | D:10     | Received a gift from Okawaru
 10733 | D:10     | Got an ichor-stained large shield {god gift}
 10739 | D:10     | Identified the +7 large shield "Ejisad" {rF+ Dex+4 Stlth-} (Okawaru gifted it to you on level 10 of the Dungeon)
 11943 | D:11     | Noticed an unseen horror
 11950 | D:11     | Noticed an orc knight
 11965 | D:11     | Killed an unseen horror
 12074 | D:11     | Noticed Erolcha
 12086 | D:11     | Killed Erolcha
 12086 | D:11     | Reached XP level 12. HP: 67/98 MP: 19/19
 12533 | D:11     | Reached skill level 10 in Shields
 12594 | D:11     | Found a staircase to the Orcish Mines.
 13069 | D:12     | Found Senyus's Weapon Shoppe.
 13087 | D:12     | Received a gift from Okawaru
 14105 | D:13     | Found a gate to the Vaults.
 14105 | D:13     | Noticed an enchanted long sword
 14105 | D:13     | Noticed an enchanted long sword
 14108 | D:13     | Killed an enchanted long sword
 14108 | D:13     | Reached skill level 11 in Invocations
 14116 | D:13     | Killed an enchanted long sword
 14230 | D:13     | Found a labyrinth entrance.
 14239 | Lab      | Entered a labyrinth
 14412 | Lab      | Reached ****** piety under Okawaru
 14769 | Lab      | Noticed a minotaur
 14784 | Lab      | Killed a minotaur
 14786 | Lab      | Got a steaming graven amulet
 14791 | Lab      | Identified the amulet "Raconn" {Faith rF++ Int-5 Slay+4} (You took it off a minotaur in a labyrinth)
 14794 | Lab      | Identified the Almanac of Fetching Transformation
 14928 | D:13     | Lost mutation: You are weak. (Str -2) [potion of mutation]
 14928 | D:13     | Lost mutation: You occasionally shout uncontrollably at your foes. [potion of mutation]
 14928 | D:13     | Lost mutation: You are somewhat resistant to further mutation. [potion of mutation]
 14928 | D:13     | Gained mutation: You are clumsy. (Dex -2) [potion of mutation]
 14928 | D:13     | Gained mutation: You passively map a small area around you. [potion of mutation]
 14928 | D:13     | Gained mutation: You have large cloven feet. [potion of mutation]
 14929 | D:13     | Lost mutation: You have large cloven feet. [potion of mutation]
 14929 | D:13     | Lost mutation: You are clumsy. (Dex -2) [potion of mutation]
 14929 | D:13     | Lost mutation: You passively map a small area around you. [potion of mutation]
 14929 | D:13     | Gained mutation: Scrolls take you a little longer to read. [potion of mutation]
 14929 | D:13     | Gained mutation: Your flesh is cold resistant. (rC+) [potion of mutation]
 14929 | D:13     | Gained mutation: Your muscles are strong. (Str +2) [potion of mutation]
 14980 | D:13     | Reached XP level 13. HP: 76/105 MP: 21/21
 15112 | D:13     | Noticed a three-headed hydra
 15122 | D:13     | Killed a three-headed hydra
 15127 | D:13     | Reached skill level 12 in Invocations
 15195 | D:13     | Received a gift from Okawaru
 15198 | D:13     | Got a shimmering scarf {god gift}
 15204 | D:13     | Identified the scarf of Zaipt {Dex+3 Slay-6 Stlth+} (Okawaru gifted it to you on level 13 of the Dungeon)
 15787 | Lair:1   | Entered Level 1 of the Lair of Beasts
 15837 | Lair:1   | Upgraded the game from 0.21-a0-228-g14ccbf3 to 0.21-a0-229-g3587535
 17257 | Lair:2   | Found a staircase to the Snake Pit.
 17522 | Lair:3   | Noticed Gastronok
 17522 | Lair:3   | Noticed a seven-headed hydra
 17533 | Lair:2   | Killed a seven-headed hydra
 17720 | Lair:3   | Killed Gastronok
 18566 | Lair:4   | Received a gift from Okawaru
 18809 | Lair:4   | Reached skill level 13 in Invocations
 19309 | Lair:4   | Lost mutation: Your muscles are strong. (Str +2) [potion of mutation]
 19309 | Lair:4   | Lost mutation: Scrolls take you a little longer to read. [potion of mutation]
 19309 | Lair:4   | Lost mutation: You are resistant to hostile enchantments. (MR+) [potion of mutation]
 19309 | Lair:4   | Gained mutation: You are robust. (+10% HP) [potion of mutation]
 19309 | Lair:4   | Gained mutation: You are very robust. (+20% HP) [potion of mutation]
 19309 | Lair:4   | Gained mutation: You are partially covered in icy blue scales. (AC +2) [potion of mutation]
 19538 | Lair:4   | Found a shattered altar of Ashenzari.
 19575 | Lair:4   | Found a staircase to the Shoals.
 19579 | Lair:4   | You fall through a shaft!
 19739 | Lair:5   | Reached XP level 14. HP: 94/138 MP: 23/23
 20020 | Lair:5   | Reached skill level 5 in Dodging
 20020 | Lair:5   | Reached XP level 15. HP: 148/148 MP: 24/24
 20047 | Lair:5   | Found a bloodstained altar of Trog.
 20899 | Lair:5   | Received a gift from Okawaru
 20934 | Lair:5   | Got a crude arbalest {god gift}
 21132 | Lair:5   | Identified the +9 arbalest of the Owl {penet, -Tele rElec Int+5 SInv} (Okawaru gifted it to you on level 5 of the Lair of Beasts)
 21554 | Lair:6   | Entered Level 6 of the Lair of Beasts
 22334 | Lair:6   | Reached skill level 14 in Invocations
 22787 | Lair:6   | Received a gift from Okawaru
 23108 | Lair:6   | Found a runed door.
 23377 | Lair:6   | Found a staircase to the Slime Pits.
 23377 | Lair:6   | Found a viscous altar of Jiyva.
 23585 | Lair:6   | Reached XP level 16. HP: 160/160 MP: 26/26
 24661 | D:14     | Received a gift from Okawaru
 25243 | D:14     | Reached skill level 15 in Invocations
 25272 | D:14     | Received a gift from Okawaru
 25288 | D:14     | Noticed a bone dragon
 25289 | D:14     | Found the +9 sword of Zonguldrok {reap}
 25320 | D:14     | Killed a bone dragon
 25320 | D:14     | Reached skill level 15 in Fighting
 25791 | D:15     | Entered Level 15 of the Dungeon
 26284 | D:15     | Received a gift from Okawaru
 26724 | D:15     | Found a staircase to the Depths.
 26727 | D:15     | Reached XP level 17. HP: 170/170 MP: 28/28
 26744 | D:15     | Reached skill level 10 in Armour
 27244 | Orc:1    | Entered Level 1 of the Orcish Mines
 27315 | Orc:1    | Found a roughly hewn altar of Beogh.
 27544 | Orc:1    | Reached skill level 16 in Invocations
 27857 | Orc:2    | Entered Level 2 of the Orcish Mines
 28309 | Orc:2    | Found a staircase to the Elven Halls.
 28598 | Orc:2    | Found Leufoned's Distillery.
 28606 | Orc:2    | Found Zuokh's Magic Scroll Emporium.
 29011 | Orc:2    | Received a gift from Okawaru
 29044 | Orc:2    | Bought a potion of heal wounds for 75 gold pieces
 29044 | Orc:2    | Bought a potion of curing for 45 gold pieces
 29044 | Orc:2    | Bought a potion of curing for 45 gold pieces
 29479 | Orc:2    | Found Warphymyl's Gadget Boutique.
 29479 | Orc:2    | Found a one-way gate leading to the halls of Pandemonium.
 29479 | Orc:2    | Found Liutistri's Antique Weapon Shop.
 29590 | Orc:2    | Bought a potion of experience for 750 gold pieces
 29590 | Orc:2    | Reached XP level 18. HP: 181/181 MP: 30/30
 29593 | Orc:2    | Bought a scroll of acquirement for 780 gold pieces
 29593 | Orc:2    | Bought a scroll of enchant armour for 112 gold pieces
 29593 | Orc:2    | Bought a scroll of identify for 30 gold pieces
 29838 | Snake:1  | Entered Level 1 of the Snake Pit
 30372 | Snake:1  | Noticed Donald
 30399 | Snake:1  | Killed Donald
 30756 | Snake:1  | Reached XP level 19. HP: 139/190 MP: 31/31
 31138 | Snake:1  | Reached skill level 1 in Crossbows
 31283 | Snake:1  | Found Dikazeno's Magic Scroll Emporium.
 31303 | Snake:1  | Received a gift from Okawaru
 31314 | Snake:1  | Bought a scroll of enchant weapon for 112 gold pieces
 31968 | Snake:1  | Received a gift from Okawaru
 32105 | Snake:1  | Reached skill level 5 in Crossbows
 32125 | Snake:1  | Received a gift from Okawaru
 32810 | Snake:2  | Received a gift from Okawaru
 32813 | Snake:2  | Got a jewelled shield {god gift}
 32824 | Snake:2  | Identified the +0 shield of Zuagemecw {MR+++ Str-5 Dex+5 SInv} (Okawaru gifted it to you on level 2 of the Snake Pit)
 34952 | Snake:3  | Got a bone trident
 34953 | Snake:3  | Identified the +2 trident of Resourcefulness {protect, rElec rC- SInv} (You found it on level 3 of the Snake Pit)
 35200 | Snake:3  | Received a gift from Okawaru
 35408 | Snake:4  | Entered Level 4 of the Snake Pit
 35437 | Snake:4  | Reached skill level 10 in Crossbows
 35777 | Snake:4  | Received a gift from Okawaru
 36136 | Snake:4  | Noticed Nikola
 36152 | Snake:4  | Killed Nikola
 36152 | Snake:4  | Reached XP level 20. HP: 192/199 MP: 32/32
 36238 | Snake:4  | Received a gift from Okawaru
 36407 | Snake:4  | Noticed Vashnia
 36428 | Snake:4  | Killed Vashnia
 36428 | Snake:4  | Received a gift from Okawaru
 36434 | Snake:4  | Received a gift from Okawaru
 36566 | Snake:4  | Received a gift from Okawaru
 36825 | Snake:4  | Got a serpentine rune of Zot
 37071 | Snake:1  | Received a gift from Okawaru
 37206 | Shoals:1 | Entered Level 1 of the Shoals
 38195 | Shoals:2 | Received a gift from Okawaru
 38198 | Shoals:2 | Got a steaming ring mail {god gift}
 38949 | Shoals:2 | Reached XP level 21. HP: 184/206 MP: 33/33
 38960 | Shoals:2 | Identified the +0 ring mail of Dishonesty {rPois Dex+3} (Okawaru gifted it to you on level 2 of the Shoals)
 38962 | Shoals:2 | Identified the +7 quarterstaff of Odeded {antimagic, rElec rPois MR+++ Str-3} (You found it on level 2 of the Shoals)
 39347 | Shoals:3 | Reached skill level 17 in Invocations
 39438 | Shoals:3 | Noticed Roxanne
 39792 | Shoals:3 | Noticed Mara
 39799 | Shoals:3 | Noticed Ijustatesigmund's illusion
 39801 | Shoals:3 | You fall through a shaft!
 39801 | Shoals:4 | Entered Level 4 of the Shoals
 39884 | Shoals:4 | Got a crude granite ring
 39887 | Shoals:4 | Identified the ring of False Hope {Ice *Contam rPois rN+ SInv} (You found it on level 4 of the Shoals)
 39904 | Shoals:4 | Found Ruwepecite's Book Shoppe.
 39972 | Shoals:4 | Received a gift from Okawaru
 40131 | Shoals:4 | Got a barnacled rune of Zot
 40294 | Shoals:4 | Noticed Ilsuiw
 40395 | Shoals:4 | Received a gift from Okawaru
 40410 | Shoals:4 | Killed Ilsuiw
 40496 | Shoals:4 | Reached skill level 10 in Dodging
 41611 | Vaults:1 | Entered Level 1 of the Vaults
 41655 | Vaults:1 | Noticed Asterion
 41681 | Vaults:1 | Killed Asterion
 42099 | Vaults:1 | Received a gift from Okawaru
 42200 | Vaults:1 | Reached skill level 18 in Invocations
 42204 | Vaults:1 | Received a gift from Okawaru
 42229 | Vaults:1 | Found Keotzy's Gadget Shop.
 42251 | Vaults:1 | Reached XP level 22. HP: 219/219 MP: 35/35
 42275 | Vaults:1 | Received a gift from Okawaru
 42365 | Vaults:1 | Received a gift from Okawaru
 42810 | Vaults:1 | Received a gift from Okawaru
 43027 | Vaults:1 | Received a gift from Okawaru
 43314 | Vaults:1 | Received a gift from Okawaru
 43628 | Vaults:1 | Received a gift from Okawaru
 43635 | Vaults:1 | Got a pair of brightly glowing gloves {god gift}
 43647 | Vaults:1 | Identified the -5 pair of gloves "Siddopnes" {Str+3 Dex+3 Stlth+} (Okawaru gifted it to you on level 1 of the Vaults)
 44025 | Vaults:2 | Noticed Aizul
 44034 | Vaults:2 | Killed Aizul
 44434 | Vaults:2 | Reached skill level 19 in Invocations
 44723 | Vaults:2 | Reached XP level 23. HP: 196/230 MP: 36/36
 45032 | Vaults:2 | Noticed Bai Suzhen
 45048 | Vaults:2 | Killed Bai Suzhen
 45091 | Vaults:2 | Received a gift from Okawaru
 45193 | Vaults:2 | Received a gift from Okawaru
 45206 | Vaults:2 | Got a pair of brightly glowing gloves {god gift}
 45217 | Vaults:2 | Identified the +0 pair of gloves "Lerahuri" {rN++} (Okawaru gifted it to you on level 2 of the Vaults)
 45999 | Vaults:2 | Found a staircase to the Crypt.
 46639 | Vaults:3 | Noticed Sojobo
 46668 | Vaults:3 | Killed Sojobo
 47016 | Vaults:3 | Reached skill level 20 in Invocations
 47032 | Vaults:3 | Received a gift from Okawaru
 47066 | Vaults:3 | Got a pair of steaming gloves {god gift}
 47077 | Vaults:3 | Identified the +0 pair of gloves "Ipew" {Regen+ MP+9 Stlth+} (Okawaru gifted it to you on level 3 of the Vaults)
 47983 | Vaults:4 | Reached XP level 24. HP: 243/243 MP: 37/37
 48128 | Vaults:4 | Reached skill level 21 in Invocations
 48775 | Vaults:4 | Received a gift from Okawaru
 49106 | Vaults:5 | Entered Level 5 of the Vaults
 49111 | Vaults:5 | Received a gift from Okawaru
 49126 | Vaults:5 | Received a gift from Okawaru
 49142 | Vaults:5 | Noticed a golden dragon
 49216 | Vaults:5 | Received a gift from Okawaru
 49264 | Vaults:4 | Killed a golden dragon
 49264 | Vaults:4 | Received a gift from Okawaru
 49264 | Vaults:4 | Reached skill level 22 in Invocations
 49321 | Vaults:4 | Received a gift from Okawaru
 49680 | Vaults:5 | Got a pitted quarterstaff {god gift}
 49691 | Vaults:4 | Identified the +11 quarterstaff of the Eternal Warrior {distort, rElec Int-3 SInv} (Okawaru gifted it to you on level 5 of the Vaults)
 49766 | Vaults:4 | HP: 2/246 [mirror damage (27)]
 49768 | Vaults:4 | Killed by mirror damage

Vault maps used:
D:1:      dpeg_arrival_stone_temple_mockup, minmay_ruptured
D:2:      cheibrodos_fertilizer, minmay_misc_feat_more_columns
D:3:      nicolae_gozag_cash_rules_everything_around_me
D:4:      wad_woods_pond, first_bread, uniq_blork_the_orc
D:5:      nemelex_xobeh_ov_fountains_minmay, basic_altar, minmay_misc_feat_room,
          fedhas_altar_2
D:6:      grunt_ministairs_1, sigmund_edmund_badplayer, uniq_menkaure,
          uniq_sigmund
D:7:      uniq_duvessa, uniq_pikel
D:8:      serial_shops, shop, serial_corexii_hall, corexii_hall_statues_s,
          corexii_hall_statues_x, corexii_hall_statues_deadend,
          corexii_hall_statues_t
D:10:     nicolae_whirlpool, lair_entry_dummy, uniq_erica
D:11:     erik_orc_2, uniq_erolcha
D:12:     serial_shops, shop_coins
D:13:     erik_vaults_1, lab_entry_generic, hangedman_ranch,
          hangedman_decor_push, spider_trap, grunt_ministairs_10
D:14:     serial_park_tiny_1, minmay_guarded_unrand_zonguldrok
D:15:     grunt_enter_depths_magical_seal, minmay_misc_feat_hallway
Temple:   regret_index_temple_chain_breaker
Lair:2:   dummy_snake_entry
Lair:3:   uniq_gastronok
Lair:4:   minmay_shoals_entry_beasts, basic_altar
Lair:5:   basic_altar, serial_bayou_shore_b
Lair:6:   wormcave, guppyfry_lair_end_dragon, slime_altar_1
Shoals:2: nicolae_shoals_kraken_intersection
Shoals:3: uniq_mara, uniq_roxanne
Shoals:4: shoals_end_grunt_garden, shoals_ilsuiw_ice, serial_shops, shop
Snake:1:  serial_shops, shop, nicolae_snake_springs, uniq_donald
Snake:2:  evilmike_ambush
Snake:3:  serial_bayou_shore_b, lemuel_fruit_tree
Snake:4:  snake_pit, nicolae_snake_squiggles, uniq_vashnia, uniq_nikola
Orc:1:    basic_altar
Orc:2:    pf_orc_diabolical
Vaults:1: vaults_standard_mumra_enter_the_diamond, hangedman_vaults_locks,
          ontoclasm_vaults_chip, ontoclasm_vaults_ligature,
          ontoclasm_vaults_ring_small, st_smaller_cells, v_misc_8,
          dpeg_vaults_monster_box, serial_shops, nicolae_shop_statue_plus,
          uniq_asterion
Vaults:2: v_misc_2, minmay_crypt_entry_simple_sparse, nicolae_vaults_arrows,
          ontoclasm_vaults_spin, v_misc_4, nicolae_vaults_alarming,
          nicolae_vaults_little_squares_6, uniq_bai_suzhen, uniq_aizul
Vaults:3: v_misc_28, v_misc_27, v_misc_12, v_misc_18, v_alt_pattern_2,
          nicolae_vaults_mini_display_case, v_misc_13, v_alt_pattern_3,
          serial_ice_b, uniq_sojobo
Vaults:4: nicolae_vaults_inception_statues, hangedman_vaults_hat,
          grunt_vaults_twisty, v_rooms_4, grunt_vaults_trifunnel,
          hangedman_vaults_impose, vaults_room_fancy_cross,
          ontoclasm_vaults_twist, v_rooms_5, grunt_vaults_hallway_long
Lab:      labyrinth_watery, nicolae_lab_quarters, nicolae_lab_diamond,
          labyrinth_skeletal_remains, nicolae_lab_dead_end, nicolae_lab_lava,
          nicolae_lab_do_over

Skill      XL: |  1  2  3  4  5  6  7  8  9 10 11 12 13 14 15 16 17 18 19 20 21 22 23 24 |
---------------+-------------------------------------------------------------------------+-----
Staves         | 3 4 5 6 8 9 10 11 12 13 14 | 14.9
Fighting       | 4 5 6 8 9 10 12 13 14 15 16 17 18 19 20 | 20.4
Dodging        | 1 2 3 5 8 10 12 13 | 13.0
Shields        | 4 5 8 11 13 | 13.8
Armour         | 4 5 8 9 11 12 13 | 13.8
Invocations    | 1 3 6 8 10 11 13 14 15 16 18 19 20 22 | 22.3
Crossbows      | 11 13 14 | 14.7

Action                   |  1- 3 |  4- 6 |  7- 9 | 10-12 | 13-15 | 16-18 | 19-21 | 22-24 || total
-------------------------+-------+-------+-------+-------+-------+-------+-------+-------++-------
Melee: Quarterstaff      |   104 |   155 |   311 |  1082 |   918 |   162 |       |    15 ||  2747
       Unarmed           |       |       |       |       |   409 |       |       |       ||   409
       Lajatang          |       |       |       |       |       |  1045 |  1143 |   968 ||  3156
 Fire: Arbalest          |       |       |       |       |       |       |   527 |   505 ||  1032
Invok: Heroism           |       |       |       |    11 |    13 |    13 |    14 |    11 ||    62
       Finesse           |       |       |       |       |     5 |     6 |     5 |     4 ||    20
 Abil: Dig               |     1 |     3 |     4 |    11 |    17 |    14 |     9 |       ||    59
       Shaft Self        |       |     1 |     2 |       |     1 |       |     1 |       ||     5
Evoke: Wand              |       |       |       |     1 |    10 |     5 |     5 |       ||    21
  Use: Scroll            |     4 |     2 |     8 |    12 |     6 |    11 |     8 |     6 ||    57
       Potion            |     1 |     3 |     2 |     4 |     5 |     1 |    11 |     6 ||    33
 Stab: Paralysed         |       |       |       |       |     6 |       |       |       ||     6
  Eat: Fruit             |       |     4 |     4 |     5 |     7 |       |     5 |       ||    25
       Chunk             |       |     4 |     8 |    18 |    21 |    19 |    15 |    13 ||    98
       Royal jelly       |       |       |     1 |     2 |     2 |     4 |     5 |     1 ||    15
       Bread ration      |       |       |       |     3 |       |       |     3 |     1 ||     7
       Meat ration       |       |       |       |     1 |       |       |       |     1 ||     2
Armor: Scale mail        |    42 |       |       |       |       |       |       |       ||    42
       Chain mail        |    15 |    73 |    22 |       |       |       |       |       ||   110
       Ring mail         |       |       |    74 |   146 |   118 |     3 |       |       ||   341
       Fire dragon scale |       |       |       |       |       |   173 |   203 |   203 ||   579
Dodge: Dodged            |    33 |    29 |   108 |   233 |   207 |   337 |   514 |   563 ||  2024
Block: Shield            |    53 |    83 |   153 |   263 |       |       |    96 |       ||   648
       Large shield      |       |       |       |   518 |  1260 |  1288 |  1437 |  1576 ||  6079

Table legend:
 A = Spawn XP
 B = Non-spawn XP
 C = Spawn XP percentage of total XP
 D = Spawn monster count
 E = Non-spawn monster count
 F = Spawn count percentage of total count
 G = Total turns spent on level
                    A         B        C        D         E        F      G
               +---------+---------+-------+---------+---------+-------+---------
         Total |   81946 |  634748 |  11.4 |     222 |    1423 |  13.5 | 49768
               +---------+---------+-------+---------+---------+-------+---------
           D:1 |       0 |      40 |   0.0 |       0 |      23 |   0.0 |   741
           D:2 |       0 |     248 |   0.0 |       0 |      34 |   0.0 |   672
           D:3 |       2 |      83 |   2.4 |       1 |      12 |   7.7 |   888
           D:4 |      13 |     316 |   4.0 |       1 |      14 |   6.7 |  1381
           D:5 |       0 |     420 |   0.0 |       0 |      11 |   0.0 |   354
           D:6 |       0 |     956 |   0.0 |       0 |      13 |   0.0 |  1140
           D:7 |     251 |    2407 |   9.4 |       4 |      39 |   9.3 |  1220
           D:8 |     275 |    2703 |   9.2 |       3 |      23 |  11.5 |   850
           D:9 |     156 |     456 |  25.5 |       2 |      18 |  10.0 |  1368
          D:10 |     717 |    3356 |  17.6 |      12 |      30 |  28.6 |  2958
          D:11 |     742 |    5273 |  12.3 |      14 |      40 |  25.9 |  1665
          D:12 |    1259 |    2275 |  35.6 |      12 |      16 |  42.9 |  1293
          D:13 |    1275 |    7848 |  14.0 |       7 |      43 |  14.0 |  1247
          D:14 |     967 |   18875 |   4.9 |       4 |      48 |   7.7 |  1361
          D:15 |    2088 |   23226 |   8.2 |       7 |      39 |  15.2 |  1102
        Lair:1 |     627 |    4885 |  11.4 |       3 |      26 |  10.3 |  1280
        Lair:2 |     821 |    9073 |   8.3 |       4 |      23 |  14.8 |  1279
        Lair:3 |     243 |    3497 |   6.5 |       1 |       7 |  12.5 |   831
        Lair:4 |       0 |    2509 |   0.0 |       0 |      11 |   0.0 |  1478
        Lair:5 |    5908 |   11130 |  34.7 |      14 |      28 |  33.3 |  2244
        Lair:6 |    4241 |   19987 |  17.5 |       7 |      63 |  10.0 |  2124
      Shoals:1 |     971 |    8957 |   9.8 |       2 |      20 |   9.1 |   679
      Shoals:2 |     566 |   17428 |   3.1 |       2 |      30 |   6.2 |  1170
      Shoals:3 |       0 |   17239 |   0.0 |       0 |      33 |   0.0 |   792
      Shoals:4 |    1936 |   36147 |   5.1 |       5 |      62 |   7.5 |  1505
       Snake:1 |    6647 |   30422 |  17.9 |      16 |      57 |  21.9 |  2638
       Snake:2 |    2574 |   15653 |  14.1 |       5 |      30 |  14.3 |  1288
       Snake:3 |    2748 |    8428 |  24.6 |       4 |      14 |  22.2 |  1388
       Snake:4 |    3287 |   63744 |   4.9 |       6 |      89 |   6.3 |  1555
         Orc:1 |     415 |    3747 |  10.0 |       6 |      36 |  14.3 |   727
         Orc:2 |    1340 |   20017 |   6.3 |       7 |     100 |   6.5 |  1683
      Vaults:1 |   15224 |   69383 |  18.0 |      32 |     111 |  22.4 |  2267
      Vaults:2 |    8202 |   61572 |  11.8 |      11 |      77 |  12.5 |  2432
      Vaults:3 |    7496 |   42249 |  15.1 |      12 |      59 |  16.9 |  1358
      Vaults:4 |   10955 |   71387 |  13.3 |      18 |      95 |  15.9 |  1957
      Vaults:5 |       0 |   46155 |   0.0 |       0 |      40 |   0.0 |   143
           Lab |       0 |    2657 |   0.0 |       0 |       9 |   0.0 |   575
               +---------+---------+-------+---------+---------+-------+---------
